AoeStats
← sergi234

Black Forest

509694351Analyzed
4v4 RM · 6d ago on Sep 27, 2026· 86m 44s· 8 players
Game mode
Random Map
Map size
Large (8 player)
Population
200
Speed
Normal
Resources
Standard
Victory
Conquest
Starting age
Dark Age
Ending age
Imperial Age
RankedLock teamsTeams togetherTeam positionsShared explorationLock speedFull tech treeHidden civsTurbo modeCheats
Victory
Defeat
🇳🇱 Khmer · Netherlands
1048
+11
🇳🇱 Celts · Netherlands
959
+15
🇮🇳 Hindustanis · India
956
+14
🇹🇷 Persians · Türkiye
948
+14
🇮🇪 Danes · Ireland
934
-14
🇬🇧 Lithuanians · United Kingdom
927
-14
🇪🇸 Britons · Spain
908
-13
🇪🇸 Celts · Spain
906
-13
Archduke Tanz FerdiTanned
10:56 Feudal Age
15:53 Castle Age
14:44 Double-Bit Axe
20:13 Bow Saw
19:46 Horse Collar
23:19 Heavy Plow
24:47 Town Watch
25:45 Wheelbarrow
28:36 Bloodlines
31:07 Imperial Age
31:14 Imperial Age
28:29 Loom
29:56 Gold Mining
29:57 Stone Mining
30:22 Husbandry
30:36 Forging
30:33 Scale Barding Armor
30:21 Fletching
32:10 Stone Shaft Mining
32:09 Hand Cart
31:40 Cavalier
31:58 Capped Ram
33:49 Chain Barding Armor
34:05 Iron Casting
37:10 Paladin
40:58 Plate Barding Armor
42:02 Light Cavalry
44:28 Winged Hussar
49:02 Caravan
51:58 Man-at-Arms
52:38 Squires
52:24 Arson
52:41 Scale Mail Armor
53:02 Murder Holes
52:50 Long Swordsman
53:33 Two-Handed Swordsman
55:09 Crop Rotation
55:44 Champion
55:48 Pikeman
58:11 Chain Mail Armor
57:43 Halberdier
Marckozz7
5:42 Loom
13:04 Feudal Age
17:41 Castle Age
32:50 Imperial Age
30:56 Wheelbarrow
30:07 Town Watch
30:10 Double-Bit Axe
30:06 Horse Collar
30:24 Gold Mining
30:25 Stone Mining
31:01 Heavy Plow
31:12 Bow Saw
31:50 Gold Shaft Mining
32:49 Hand Cart
32:35 Town Patrol
34:34 Chemistry
33:55 Ballistics
34:00 Siege Engineers
34:05 Pikeman
34:30 Gambesons
34:58 Fletching
35:08 Scale Mail Armor
35:19 Forging
35:43 Halberdier
36:00 Onager
38:02 Caravan
38:59 Stone Shaft Mining
39:48 Siege Onager
41:15 Bodkin Arrow
41:35 Chain Mail Armor
41:56 Iron Casting
41:25 Murder Holes
46:22 Plate Mail Armor
46:53 Blast Furnace
58:56 Conscription
61:25 Furor Celtica
61:06 Stronghold
LJRG10
0:28 Loom
12:36 Feudal Age
16:54 Castle Age
16:14 Horse Collar
16:44 Double-Bit Axe
18:19 Heavy Plow
19:58 Fletching
21:27 Bow Saw
27:29 Gold Mining
31:12 Imperial Age
31:26 Onager
32:32 Scale Mail Armor
32:44 Forging
34:19 Wheelbarrow
33:30 Town Watch
34:49 Conscription
34:58 Squires
34:43 Gambesons
35:17 Chain Mail Armor
37:14 Plate Mail Armor
37:20 Iron Casting
36:50 Caravan
38:37 Siege Onager
41:17 Blast Furnace
44:14 Bodkin Arrow
45:08 Siege Engineers
45:33 Bracer
50:30 Capped Ram
54:15 Hand Cart
54:59 Northmen's Fury
57:17 Ballistics
57:11 Town Patrol
58:12 Elite Jomsviking
59:37 Elite Jomsviking
60:46 Siege Ram
63:27 Chemistry
62:55 Arson
sergi234
0:32 Loom
12:06 Feudal Age
14:15 Double-Bit Axe
19:08 Castle Age
19:01 Horse Collar
20:31 Bow Saw
26:29 Wheelbarrow
27:23 Gold Mining
28:21 Stone Mining
34:58 Imperial Age
33:38 Hand Cart
34:17 Ballistics
33:32 Pikeman
35:36 Fletching
36:05 Masonry
37:18 Two-Man Saw
38:38 Chemistry
38:22 Warwolf
39:00 Architecture
38:30 Heavy Scorpion
41:25 Squires
41:27 Bodkin Arrow
41:33 Padded Archer Armor
41:39 Halberdier
42:05 Gambesons
42:33 Forging
42:23 Scale Mail Armor
43:21 Murder Holes
44:36 Chain Mail Armor
44:57 Iron Casting
48:57 Blast Furnace
48:28 Plate Mail Armor
48:35 Heavy Plow
50:12 Conscription
49:55 Bracer
50:10 Leather Archer Armor
50:54 Yeomen
52:53 Ring Archer Armor
54:07 Scale Barding Armor
55:33 Elite Longbowman
56:52 Hoardings
56:02 Crossbowman
59:24 Chain Barding Armor
62:41 Arson
69:03 Arbalester
70:28 Siege Engineers
77:17 Capped Ram
Apple Juiz
1:22 Loom
13:52 Feudal Age
17:41 Castle Age
15:35 Double-Bit Axe
15:49 Horse Collar
18:10 Gold Mining
19:05 Bow Saw
20:34 Gold Shaft Mining
20:02 Heavy Plow
23:17 Wheelbarrow
25:19 Hand Cart
25:39 Fletching
32:12 Imperial Age
29:28 Pikeman
29:53 Arson
29:53 Gambesons
30:14 Scale Mail Armor
30:10 Bodkin Arrow
30:26 Forging
30:54 Ballistics
30:49 Fortified Wall
30:35 Murder Holes
32:14 Stronghold
31:49 Man-at-Arms
32:45 Capped Ram
32:51 Onager
32:58 Halberdier
35:00 Conscription
34:50 Siege Engineers
35:46 Chemistry
34:57 Masonry
34:44 Long Swordsman
35:42 Caravan
36:29 Two-Handed Swordsman
37:24 Furor Celtica
38:42 Stone Mining
38:50 Murder Holes
38:36 Champion
40:22 Chain Mail Armor
40:42 Iron Casting
40:56 Elite Woad Raider
43:21 Siege Onager
50:23 Siege Ram
57:42 Plate Mail Armor
61:17 Light Cavalry
61:57 Husbandry
63:50 Blast Furnace
62:55 Scale Barding Armor
62:50 Padded Archer Armor
65:28 Hoardings
67:07 Town Watch
73:35 Coinage
73:16 Guilds
84:14 Hussar
iamlegolas312
0:27 Loom
10:06 Feudal Age
13:29 Double-Bit Axe
16:47 Castle Age
18:21 Horse Collar
22:46 Heavy Plow
23:55 Bow Saw
25:29 Wheelbarrow
25:46 Gold Mining
25:49 Stone Mining
28:19 Gold Shaft Mining
31:06 Imperial Age
28:53 Hand Cart
29:25 Stone Shaft Mining
29:01 Caravan
30:04 Forging
29:55 Scale Mail Armor
30:21 Grand Trunk Road
32:00 Iron Casting
32:13 Conscription
32:59 Chemistry
33:49 Blast Furnace
33:17 Chain Mail Armor
33:36 Elite Ghulam
34:35 Town Watch
35:53 Two-Man Saw
36:00 Fletching
36:12 Elite Skirmisher
36:58 Thumb Ring
36:51 Bodkin Arrow
36:57 Padded Archer Armor
37:55 Masonry
38:05 Ballistics
37:41 Murder Holes
40:10 Bracer
40:25 Leather Archer Armor
40:17 Scale Barding Armor
40:20 Shatagni
42:36 Hoardings
42:33 Ring Archer Armor
49:17 Chain Barding Armor
54:53 Plate Barding Armor
55:57 Bloodlines
60:24 Light Cavalry
61:06 Husbandry
63:00 Hussar
73:07 Onager
76:45 Siege Engineers
80:35 Town Patrol
Endeavour
1:13 Loom
11:16 Feudal Age
11:38 Double-Bit Axe
12:39 Wheelbarrow
14:06 Town Watch
16:04 Horse Collar
21:29 Castle Age
21:08 Bloodlines
21:19 Forging
22:23 Bow Saw
23:40 Heavy Plow
28:55 Hand Cart
28:50 Scale Barding Armor
29:23 Iron Casting
30:26 Caravan
31:31 Gold Mining
35:16 Imperial Age
33:29 Hand Cart
33:52 Gold Shaft Mining
33:08 Stone Mining
33:28 Husbandry
35:00 Cavalier
36:02 Chain Barding Armor
36:50 Blast Furnace
38:58 Chemistry
38:30 Savar
41:22 Plate Barding Armor
40:57 Town Patrol
44:18 Herbal Medicine
48:45 Conscription
49:07 Hoardings
48:46 Fletching
52:49 Crop Rotation
53:21 Two-Man Saw
59:21 Masonry
67:30 Padded Archer Armor
67:26 Bodkin Arrow
66:58 Elite Skirmisher
67:53 Light Cavalry
69:40 Leather Archer Armor
69:02 Hussar
72:10 Ring Archer Armor
73:07 Ballistics
Daklozenkrant
9:44 Loom
11:45 Feudal Age
10:03 Loom
15:01 Castle Age
15:16 Loom
16:06 Wheelbarrow
16:57 Town Watch
18:30 Wheelbarrow
19:44 Double-Bit Axe
31:23 Hand Cart
31:56 Caravan
34:32 Imperial Age
33:47 Town Patrol
35:42 Capped Ram
35:47 Elite Ballista Elephant
36:29 Double Crossbow
38:11 Caravan
39:24 Onager
39:25 Siege Ram
39:57 Cavalier
40:37 Husbandry
40:48 Bloodlines
42:19 Pikeman
43:04 Halberdier
44:23 Forging
44:14 Scale Mail Armor
44:20 Scale Barding Armor
44:34 Heavy Scorpion
54:09 Siege Engineers
55:34 Chemistry
55:11 Iron Casting
54:52 Chain Mail Armor
54:57 Chain Barding Armor
66:33 Light Cavalry
69:54 Hussar
Connection lost

Rejoining the realm…

Still unreachable

The connection could not be restored.

Session expired

The server has moved on; the page needs a fresh start.